 Dungeon Crawl Stone Soup version 0.31-a0-344-gd109795 (webtiles) character file.

Game seed: 14335990438299030153

627 Cunctator the Ruffian (level 7, 0/53 HPs)
             Began as a Gnoll Shapeshifter on July 21, 2023.
             Was a Follower of Makhleb.
             Slain by Duvessa
             ... wielding a +0 short sword
              (3 damage)
             ... on level 3 of the Dungeon.
             The game lasted 00:11:48 (4382 turns).

Cunctator the Ruffian (Gnoll Shapeshifter)          Turns: 4382, Time: 00:11:49

Health: 0/53       AC:  2    Str: 16    XL:     7   Next: 47%
Magic:  10/10      EV: 14    Int:  7    God:    Makhleb [*.....]
Gold:   155        SH:  0    Dex: 13    Spells: 11/11 levels left

rFire   . .          .
                       - Unarmed
rCold   . . .        (no shield)
rNeg    . . .        v - +0 robe of Ekkoduck {rPois}
rPois   +            (helmet currently unavailable)
rElec   .            (cloak currently unavailable)
rCorr   .            (gloves currently unavailable)
SInv    .            (boots currently unavailable)
Will    +....        (no amulet)
Stlth   ++           t - ring of willpower
HPRegen 0.28/turn    (no ring)
MPRegen 0.12/turn

%: no passive effects
@: mighty, beast-form
A: beast (slay +4), fangs 1, strong nose, distributed training
a: Begin Untransformation, Renounce Religion


You were on level 3 of the Dungeon.
You worshipped Makhleb.
Makhleb was aware of your devotion.
You were a hulking beast.
You visited 1 branch of the dungeon, and saw 4 of its levels.

You collected 155 gold pieces.

Inventory:

Missiles
 d - a throwing net
 k - 58 stones
 l - 4 boomerangs (quivered)
 s - 7 poisoned darts
Armour
 a - a +0 animal skin
 h - a +0 cloak
 m - a +0 chain mail
 n - a +0 leather armour
 r - a +1 cloak of stealth
 v - the +0 robe of Ekkoduck (worn) {rPois}
   (You found it on level 4 of the Dungeon)

   rPois:     It protects you from poison.
Jewellery
 t - a ring of willpower (left hand)
Talismans
 c - a beast talisman
Wands
 b - a wand of quicksilver (5)
 u - a wand of paralysis (12)
Scrolls
 e - a scroll of teleportation
 f - a scroll of immolation {unknown}
 g - 3 scrolls of identify {unknown}
 i - a scroll of enchant weapon {unknown}
 j - a scroll of noise {unknown}
 o - a scroll of revelation {unknown}
 w - 2 scrolls of blinking {unknown}
 x - a scroll of amnesia {unknown}
 y - a scroll of brand weapon {unknown}
Potions
 p - a potion of curing
 q - 2 potions of might


   Skills:
 + Level 3.7 Fighting
 + Level 2.5 Short Blades
 + Level 2.5 Long Blades
 + Level 2.5 Axes
 + Level 2.5 Maces & Flails
 + Level 2.5 Polearms
 + Level 2.5 Staves
 + Level 2.5 Ranged Weapons
 + Level 2.5 Throwing
 + Level 2.5 Armour
 + Level 5.3 Dodging
 + Level 2.5 Stealth
 + Level 2.5 Shields
 + Level 7.1 Unarmed Combat
 + Level 2.5 Spellcasting
 + Level 2.1 Conjurations
 + Level 2.1 Hexes
 + Level 2.1 Summonings
 + Level 2.1 Necromancy
 + Level 2.1 Translocations
 + Level 2.1 Transmutations
 + Level 2.1 Fire Magic
 + Level 2.1 Ice Magic
 + Level 2.1 Air Magic
 + Level 2.1 Earth Magic
 + Level 2.1 Poison Magic
 + Level 2.8 Invocations
 + Level 2.5 Evocations
 + Level 6.9 Shapeshifting


You had 11 spell levels left.
You didn't know any spells.
Your spell library contained the following spells:

 Spells                   Type           Power      Damage    Failure   Level
 Foxfire                  Conj/Fire      12%        2x1d4     16%         1
 Plasma Beam              Fire/Air       1%         2x1d11    100%        6
 Starburst                Conj/Fire      1%         6d3       100%        6


Dungeon Overview and Level Annotations

Branches:
Dungeon (4/15)
 Temple: D:4-7

Altars:
Makhleb
Vehumet

Annotations:
D:3 Dowan; Duvessa
D:4 2 transporters, NoWhammies's ghost, novice TrSh


Innate Abilities, Weirdness & Mutations

You are a hulking beast.
Your limbs bulge with bestial killing power. (Slay +4)
You have very sharp teeth.
Your uncanny sense of smell can sniff out nearby items.
Your experience applies equally to all skills.


Message History

t - Bark!
Orders for allies: a - Attack new target. r - Retreat! s - Stop attacking. g - Guard the area. f - Follow me.
Anything else - Cancel.
You bark for attention!
You see here a +0 club.
What are your orders? t - Bark!
Orders for allies: a - Attack new target. r - Retreat! s - Stop attacking. g - Guard the area. f - Follow me.
Anything else - Cancel.
Okay, then.
Dowan gestures at Duvessa while chanting.
Duvessa shouts!
Duvessa seems to speed up.
Duvessa gestures with her weapon.
Duvessa misses you. Duvessa attacks as you move away!
Duvessa hits you with a +0 short sword. Duvessa attacks as you move away!
Duvessa hits you with a +0 short sword. Duvessa hits you with a +0 short sword!
Duvessa attacks as you move away! Duvessa hits you with a +0 short sword.
Duvessa gestures with her weapon.
You closely miss Duvessa. Duvessa hits you with a +0 short sword!
Duvessa hits you with a +0 short sword.
* * * LOW HITPOINT WARNING * * *
It was a potion of might.
You feel very mighty all of a sudden. Duvessa hits you with a +0 short sword!
* * * LOW HITPOINT WARNING * * *
It was a potion of curing.
You feel better. Duvessa hits you with a +0 short sword.
* * * LOW HITPOINT WARNING * * *
Duvessa hits you with a +0 short sword.
* * * LOW HITPOINT WARNING * * *
You punch Duvessa! You bite Duvessa!
Duvessa is heavily wounded.
Duvessa hits you with a +0 short sword.
You die...

###.#.#.###....##.#.#.##.##......
# #.#.#..................#...)...
# #.#.#######################.###
###.#.# ♣♣♣.♣ ....#[# ♣♣♣♣ ♣♣...♣
#####.# ♣>.♣♣ ♣♣..♣♣♣ #.#
♣♣..♣♣♣♣ ♣..♣♣ #.# ♣♣♣..)♣♣♣♣
♣♣.♣ #####.# ♣♣♣♣hee♣♣ ♣♣.♣♣
......# ♣♣♣♣.♣♣♣♣.♣♣ #######
♣...♣♣..♣ ##### ♣♣♣..).♣♣ #...#
♣♣♣♣♣ ♣♣e♣♣♣ #...# ♣♣...♣♣ ♣♣♣.♣
♣ ###...# ♣..)..♣ ♣..♣♣ ♣♣♣
#.#...# ♣.....♣♣♣ ♣.♣♣ ♣♣..
#.#...# ♣♣......♣ ♣.♣♣ ♣♣♣♣...


You could see Duvessa (fast) and Dowan.

Vanquished Creatures
  Sigmund (D:2)
  An ogre (D:4)
  A scorpion (D:4)
  An orc priest (D:4)
  Crazy Yiuf (D:2)
  Jessica (D:2)
  Ijyb (D:4)
  An orc wizard (D:4)
  10 adders
  A worm (D:2)
  3 dart slugs
  10 orcs
  10 ball pythons
  4 bats
  3 endoplasms
  A giant cockroach (D:2)
  9 goblins
  9 hobgoblins
  8 jackals (D:1)
  6 kobolds
  A quokka (D:4)
  4 frilled lizards
  5 rats
92 creatures vanquished.

Notes
Turn   | Place    | Note
-------+----------+-------------------------------------------
     0 | D:1      | Cunctator the Gnoll Shapeshifter began the quest for the
                  | Orb.
     0 | D:1      | Reached XP level 1. HP: 17/17 MP: 1/1
    20 | D:1      | Reached XP level 2. HP: 9/23 MP: 2/2
   260 | D:1      | Reached XP level 3. HP: 28/28 MP: 3/3
   556 | D:2      | Reached skill level 1 in Invocations
   575 | D:2      | Noticed Jessica
   581 | D:2      | Noticed Sigmund
   582 | D:2      | Killed Jessica
   583 | D:2      | Reached skill level 1 in Short Blades
   583 | D:2      | Reached skill level 1 in Long Blades
   583 | D:2      | Reached skill level 1 in Axes
   583 | D:2      | Reached skill level 1 in Maces & Flails
   583 | D:2      | Reached skill level 1 in Polearms
   583 | D:2      | Reached skill level 1 in Staves
   583 | D:2      | Reached skill level 1 in Ranged Weapons
   583 | D:2      | Reached skill level 1 in Throwing
   583 | D:2      | Reached skill level 1 in Armour
   583 | D:2      | Reached skill level 1 in Stealth
   583 | D:2      | Reached skill level 1 in Shields
   583 | D:2      | Reached skill level 1 in Spellcasting
   583 | D:2      | Reached skill level 1 in Evocations
   583 | D:2      | Reached XP level 4. HP: 33/34 MP: 5/5
  1162 | D:2      | Reached skill level 1 in Conjurations
  1162 | D:2      | Reached skill level 1 in Hexes
  1162 | D:2      | Reached skill level 1 in Summonings
  1162 | D:2      | Reached skill level 1 in Necromancy
  1162 | D:2      | Reached skill level 1 in Translocations
  1162 | D:2      | Reached skill level 1 in Transmutations
  1162 | D:2      | Reached skill level 1 in Fire Magic
  1162 | D:2      | Reached skill level 1 in Ice Magic
  1162 | D:2      | Reached skill level 1 in Air Magic
  1162 | D:2      | Reached skill level 1 in Earth Magic
  1162 | D:2      | Reached skill level 1 in Poison Magic
  1397 | D:2      | Found a runed translucent door.
  1398 | D:2      | Noticed Crazy Yiuf
  1507 | D:2      | Killed Crazy Yiuf
  1508 | D:2      | Reached XP level 5. HP: 13/40 MP: 5/7
  1735 | D:2      | Killed Sigmund
  1736 | D:2      | Reached XP level 6. HP: 17/47 MP: 8/8
  1839 | D:3      | Reached skill level 5 in Dodging
  2873 | D:3      | Found a faded altar of an unknown god.
  3237 | D:3      | Prayed at the altar of an unknown god.
  3237 | D:3      | Became a worshipper of Makhleb the Destroyer
  3237 | D:3      | Reached * piety under Makhleb
  3357 | D:4      | Found a radiant altar of Vehumet.
  3409 | D:4      | Reached skill level 7 in Unarmed Combat
  3409 | D:4      | Reached XP level 7. HP: 42/52 MP: 10/10
  3469 | D:4      | Identified the +0 robe of Ekkoduck {rPois}
  3493 | D:4      | Noticed Duvessa
  3493 | D:4      | Noticed Dowan
  3668 | D:4      | Found a transporter.
  3671 | D:4      | Noticed NoWhammies's ghost (novice TrSh)
  3712 | D:4      | Noticed Ijyb
  3720 | D:4      | Killed Ijyb
  4191 | D:4      | Found a transporter.
  4382 | D:3      | Slain by Duvessa

Illustrated notes

Levels and vault maps discovered:
D:1:      scummos_arrival_simple_crosswalls, layout_rooms, supply_closet_lemuel,
          solitary_fountain
D:2:      layout_loops_corners, feat_on_display, uniq_sigmund,
          uniq_crazy_yiuf_cottage, uniq_jessica
D:3:      kb_forest_paths, layout_basic, shapermc_ecumenical_altar_pompeii,
          serial_glass, glass_columns_a, glass_columns_c, due_unseen_surprise,
          feat_on_display, feat_on_display
D:4:      layout_cave_pools, nicolae_vehumet_altar_sigil, gammafunk_ghost_smash,
          minmay_snake_closets, uniq_duvessa, uniq_ijyb

Skill      XL: |  1  2  3  4  5  6  7 |
---------------+----------------------+-----
Invocations    | 1 2 |  2.8
Short Blades   | 1 2 |  2.5
Long Blades    | 1 2 |  2.5
Axes           | 1 2 |  2.5
Maces & Flails | 1 2 |  2.5
Polearms       | 1 2 |  2.5
Staves         | 1 2 |  2.5
Ranged Weapons | 1 2 |  2.5
Throwing       | 1 2 |  2.5
Armour         | 1 2 |  2.5
Stealth        | 1 2 |  2.5
Shields        | 1 2 |  2.5
Spellcasting   | 1 2 |  2.5
Evocations     | 1 2 |  2.5
Conjurations   | 1 2 |  2.1
Hexes          | 1 2 |  2.1
Summonings     | 1 2 |  2.1
Necromancy     | 1 2 |  2.1
Translocations | 1 2 |  2.1
Transmutations | 1 2 |  2.1
Fire Magic     | 1 2 |  2.1
Ice Magic      | 1 2 |  2.1
Air Magic      | 1 2 |  2.1
Earth Magic    | 1 2 |  2.1
Poison Magic   | 1 2 |  2.1
Fighting       | 3 |  3.7
Dodging        | 5 |  5.3
Unarmed Combat | 7 |  7.1
Shapeshifting  | |  6.9

Action                     |  1- 3 |  4- 6 |  7- 9 || total
---------------------------+-------+-------+-------++-------
  Melee: Unarmed           |    46 |    84 |    62 ||   192
         Bite              |     3 |     6 |     7 ||    16
         Punch             |     2 |     2 |     3 ||     7
  Throw: Boomerang         |       |    24 |       ||    24
  Evoke: Wand              |       |       |     2 ||     2
    Use: Potion            |       |     3 |     5 ||     8
         Scroll            |       |       |     1 ||     1
   Stab: Sleeping          |     2 |     6 |     3 ||    11
         Distracted        |       |     1 |       ||     1
 Armour: Animal skin       |     1 |     9 |       ||    10
         Skin              |       |    13 |    12 ||    25
         Robe              |       |       |     6 ||     6
  Dodge: Dodged            |    21 |    31 |    51 ||   103

Table legend: (Time is in decaauts)
 A = Elapsed time spent in this place.
 B = Non-inter-level travel time spent in this place.
 C = Inter-level travel time spent in this place.
 D = Time resting spent in this place.
 E = Time spent auto-exploring this place.
 F = Levels seen in this place.
 G = Mean time per level.
                   A        B        C        D        E       F      G
               +--------+--------+--------+--------+--------+-----+--------+
         Total |   4365 |   3859 |    506 |    407 |   2715 |   4 | 1091.2 |
       Dungeon |   4365 |   3859 |    506 |    407 |   2715 |   4 | 1091.2 |
               +--------+--------+--------+--------+--------+-----+--------+

Top non-repeatable levels by time:
     D:3: 1580 daAuts
     D:2: 1247 daAuts
     D:4: 968 daAuts
     D:1: 568 daAuts
